 Dungeon Crawl Stone Soup version 0.30-a0-459-g9104f0fc43 (webtiles) character file.

Game seed: 16147955556563555686

9 drugrobin the Sneak (level 1, 0/18 HPs)
             Began as a Demigod Delver on Dec 15, 2022.
             Slain by a worm (10 damage)
             ... on level 4 of the Dungeon.
             The game lasted 00:02:41 (154 turns).

drugrobin the Sneak (Demigod Delver)                 Turns: 154, Time: 00:02:41

Health: 0/18       AC:  3    Str: 13    XL:     1   Next: 86%
Magic:  3/3        EV: 12    Int: 12    God:
Gold:   0          SH:  0    Dex: 15    Spells: 0/0 levels left

rFire   . . .      SeeInvis .    a - +0 falchion
rCold   . . .      Faith    .    (no shield)
rNeg    . . .      Spirit   .    b - +0 leather armour
rPois   .          Reflect  .    (no helmet)
rElec   .          Harm     .    (no cloak)
rCorr   .          Rampage  .    (no gloves)
Will    .....                    (no boots)
Stlth   +++.......               (no amulet)
HPRegen 0.23/turn                (no ring)
MPRegen 0.08/turn                (no ring)

@: no status effects
A: high MP 1, forlorn, divine attributes
a: no special abilities


You were on level 4 of the Dungeon.
You visited 1 branch of the dungeon, and saw 2 of its levels.

Inventory:

Hand Weapons
 a - a +0 falchion (weapon)
Armour
 b - a +0 leather armour (worn)
Wands
 g - a wand of digging (3)
Scrolls
 c - a scroll of fog
 e - a scroll of fear
Potions
 f - a potion of haste
 h - a potion of berserk rage {unknown}


   Skills:
 + Level 2.8 Fighting
 + Level 2.0 Long Blades
 + Level 2.0 Dodging
 + Level 4.6 Stealth


You couldn't memorise any spells.
You didn't know any spells.
Your spell library was empty.

Dungeon Overview and Level Annotations

Branches:
Dungeon (5/15)
 Temple: D:4-7

Portals:
Sewer: D:4


Innate Abilities, Weirdness & Mutations

You have an increased reservoir of magic. (+10% MP)
You shall have no god before yourself.
Your divine heritage dramatically boosts your attributes as you level up.


Message History

Unknown command.
Unknown command.
You start resting.
You hear the slow rusting of a drain very nearby.
Unknown command.
Unknown command.
Okay, then.
Found a glowing drain.
You enter the shallow water.
Moving in this stuff is going to be slow.
A worm comes into view.
There is a glowing drain here.
Unknown command.
Unknown command.
Unknown command.
You barely miss the worm. You punch the worm, but do no damage.
Unknown command.
Unknown command.
You hit the worm but do no damage. The worm completely misses you.
Unknown command.
You barely miss the worm. The worm closely misses you.
You hit the worm.
The worm is lightly wounded.
Unknown command.
Unknown command.
You slash the worm!
The worm is heavily wounded.
The worm closely misses you.
Unknown command.
Unknown command.
You hit the worm.
The worm is almost dead.
The worm bites you!
Unknown command.
Unknown command.
You hit the worm.
The worm is almost dead.
The worm bites you!
Ouch! That really hurt!
You die...

#..####.#
###.......#
##~....#..###
##~~...##....
###~~#.##.####
#~~#.....
#~~#...#...
#~~##......
#~w@####...#
#.~~~~~~~...
#..~~~~~~~..
#.~.#####~~#
##### ##


You could see a worm.

Vanquished Creatures
  An adder (D:4)
1 creature vanquished.

Notes
Turn   | Place    | Note
-------+----------+-------------------------------------------
     0 | D:5      | drugrobin the Demigod Delver began the quest for the Orb.
     0 | D:5      | Reached XP level 1. HP: 18/18 MP: 3/3
    17 | D:5      | Noticed a necrophage
    30 | D:5      | Noticed a phantom
    78 | D:5      | Noticed an orc wizard
   139 | D:4      | Found a glowing drain.
   154 | D:4      | Slain by a worm

Illustrated notes

Levels and vault maps discovered:
D:4:      layout_loops_ring, cheibrodos_sewer_entry_bend, minmay_hedge_maze
D:5:      layout_cave_pools, kiku_gazebo_garden_becter,
          hangedman_decor_opposing, uniq_duvessa, uniq_prince_ribbit1

Skill      XL: |  1 |
---------------+----+-----
Long Blades    | 2 |  2.0
Dodging        | 2 |  2.0
Fighting       | |  2.8
Stealth        | |  4.6

Action                   || total
-------------------------++-------
Melee: Falchion          ||    12
       Punch             ||     1
  Use: Scroll            ||     1
Armor: Leather armour    ||     1
Dodge: Dodged            ||     4

Table legend: (Time is in decaauts)
 A = Elapsed time spent in this place.
 B = Non-inter-level travel time spent in this place.
 C = Inter-level travel time spent in this place.
 D = Time resting spent in this place.
 E = Time spent auto-exploring this place.
 F = Levels seen in this place.
 G = Mean time per level.
                   A        B        C        D        E       F      G
               +--------+--------+--------+--------+--------+-----+--------+
         Total |    158 |    114 |     44 |     43 |      0 |   2 |   79.0 |
       Dungeon |    158 |    114 |     44 |     43 |      0 |   2 |   79.0 |
               +--------+--------+--------+--------+--------+-----+--------+

Top non-repeatable levels by time:
     D:5: 86 daAuts
     D:4: 72 daAuts
